 Dungeon Crawl Stone Soup version 0.21-a0-346-g330ab2c (webtiles) character file.

1509 Amnesiac the Digger (level 8, -3/58 HPs)
             Began as a Gnoll Earth Elementalist on Oct 5, 2017.
             Slain by an iguana (11 damage)
             ... on level 5 of the Dungeon.
             The game lasted 00:07:46 (3102 turns).

Amnesiac the Digger (Gnoll Earth Elementalist)      Turns: 3102, Time: 00:07:47

Health: -3/58      AC:  4    Str: 11    XL:     8   Next: 83%
Magic:  2/17       EV: 16    Int: 19    God:
Gold:   173        SH:  0    Dex: 16    Spells: 7/19 levels left

rFire    . . .     SeeInvis .   f - +0 dagger
rCold    . . .     Gourm    .   (no shield)
rNeg     . . .     Faith    .   c - +0 robe
rPois    .         Spirit   .   x - +0 helmet
rElec    .         Reflect  .   (no cloak)
rCorr    .         Harm     .   (no gloves)
MR       .....                  t - +0 pair of boots
Stlth    +++.......             (no amulet)
HPRegen  0.19/turn              (no ring)
MPRegen  0.15/turn              (no ring)

@: no status effects
A: distributed training, fangs 1, strong nose
a: no special abilities


You were on level 5 of the Dungeon.
You were not hungry.

You visited 2 branches of the dungeon, and saw 6 of its levels.
You also visited: Sewer.

You collected 173 gold pieces.

Inventory:

Hand Weapons
 f - a +0 dagger (weapon)
Missiles
 b - 110 stones (quivered)
 m - 4 needles of paralysis
Armour
 c - a +0 robe (worn)
 t - a +0 pair of boots (worn)
 x - a +0 helmet (worn)
Jewellery
 g - an uncursed amulet of magic regeneration {unknown}
 z - a +3 ring of slaying {unknown}
 A - an uncursed ring of poison resistance {unknown}
Wands
 r - a wand of confusion (14/48)
Scrolls
 a - a scroll of remove curse {!r, unknown}
 j - 2 scrolls of identify {!r, unknown}
 k - a scroll of blinking {!r, unknown}
 n - 2 scrolls of fog {!r, unknown}
 q - a scroll of enchant armour {!r, unknown}
 s - a scroll of magic mapping {!r, unknown}
 y - a scroll of fear {!r, unknown}
Potions
 h - a potion of mutation {!q, unknown}
 l - 5 potions of curing {!q, unknown}
 o - a potion of heal wounds {!q, unknown}
 p - a potion of might {!q, unknown}
 u - 2 potions of flight {!q, unknown}
 v - a potion of brilliance {!q, unknown}
 w - a potion of cancellation {!q, unknown}
Books
 e - a book of Geomancy

   Spells                             Type                      Level
   a - Sandblast                      Earth                        1
   b - Passwall                       Transmutation/Earth          2
   c - Stone Arrow                    Conjuration/Earth            3
   d - Petrify                        Transmutation/Earth          4
   e - Lee's Rapid Deconstruction     Earth                        5
Comestibles
 d - 3 bread rations
 i - 4 royal jellies


   Skills:
 + Level 3.5 Fighting
 + Level 3.5 Short Blades
 + Level 3.5 Long Blades
 + Level 3.5 Axes
 + Level 3.5 Maces & Flails
 + Level 3.5 Polearms
 + Level 3.5 Staves
 + Level 3.5 Slings
 + Level 3.5 Bows
 + Level 3.5 Crossbows
 + Level 3.5 Throwing
 + Level 3.5 Armour
 + Level 5.8 Dodging
 + Level 5.5 Stealth
 + Level 3.5 Shields
 + Level 3.5 Unarmed Combat
 + Level 6.2 Spellcasting
 + Level 3.5 Conjurations
 + Level 3.5 Hexes
 + Level 3.5 Charms
 + Level 3.5 Summonings
 + Level 3.5 Necromancy
 + Level 3.5 Translocations
 + Level 4.4 Transmutations
 + Level 3.5 Fire Magic
 + Level 3.5 Ice Magic
 + Level 3.5 Air Magic
 + Level 7.5 Earth Magic
 + Level 3.5 Poison Magic
 + Level 3.5 Invocations
 + Level 3.5 Evocations


You had 7 spell levels left.
You knew the following spells:

 Your Spells              Type           Power        Failure   Level  Hunger
a - Sandblast             Erth           ####..       1%          1    None
b - Passwall              Tmut/Erth      ####......   1%          2    None
d - Lee's Rapid Deconstr  Erth           ####......   14%         5    #####..
e - Petrify               Tmut/Erth      ####....     10%         4    ####...


Dungeon Overview and Level Annotations

Branches:
Dungeon (5/15)             Temple (1/1) D:4

Altars:
Cheibriados
Dithmenos
Elyvilon
Gozag
Hepliaklqana
Kikubaaqudgha
Makhleb
Nemelex Xobeh
Okawaru
Qazlal
Sif Muna
Vehumet
Wu Jian
Yredelemnul
The Shining One


Innate Abilities, Weirdness & Mutations

Your experience applies equally to all skills.
You have very sharp teeth.
Your uncanny sense of smell can sniff out nearby items.


Message History

Casting: Sandblast
Confirm with . or Enter, or press ? or * to list all spells.
Aiming: Sandblast
Press: ? - help, Shift-Dir - straight line, f/p - iguana
Aim: an iguana The blast of sand misses the iguana.
b - 115 stones The howler monkey hoots and howls with incredible vigour!
You hear a shout! x8
Casting: Sandblast
Confirm with . or Enter, or press ? or * to list all spells.
Aiming: Sandblast
Press: ? - help, Shift-Dir - straight line, f/p - iguana
Aim: an iguana The blast of sand hits the iguana.
The iguana is heavily wounded.
b - 114 stones The iguana bites you!
* * * LOW HITPOINT WARNING * * *
Casting: Sandblast
Confirm with . or Enter, or press ? or * to list all spells.
Aiming: Sandblast
Press: ? - help, Shift-Dir - straight line, f/p - iguana
Aim: an iguana (heavily wounded)
The blast of sand misses the iguana.
The blast of sand hits the howler monkey.
The howler monkey is severely wounded.
b - 113 stones The iguana bites you!
* * * LOW HITPOINT WARNING * * *
You are too injured to fight recklessly!
Items here: )) [ † a dagger; a glaive; a robe; the orc corpse of Blork the orc
Casting: Sandblast
Confirm with . or Enter, or press ? or * to list all spells.
Aiming: Sandblast
Press: ? - help, Shift-Dir - straight line, f/p - iguana
Aim: an iguana (heavily wounded)
The blast of sand misses the iguana.
The blast of sand hits the howler monkey.
You kill the howler monkey!
b - 112 stones The iguana bites you.
* * * LOW HITPOINT WARNING * * *
Casting: Sandblast
Confirm with . or Enter, or press ? or * to list all spells.
Aiming: Sandblast
Press: ? - help, Shift-Dir - straight line, f/p - iguana
Aim: an iguana (heavily wounded)
The blast of sand hits the iguana.
The iguana is heavily wounded.
b - 111 stones The iguana completely misses you.
Unknown command.
Casting: Sandblast
Confirm with . or Enter, or press ? or * to list all spells.
Aiming: Sandblast
Press: ? - help, Shift-Dir - straight line, f/p - iguana
Aim: an iguana (heavily wounded)
The blast of sand hits the iguana.
The iguana is heavily wounded.
b - 110 stones The iguana bites you!
You die...

..†...♣ ♣ #................
.§§....♣###
♣P##.........######
.§§....♣PP# #PP..#.....##
........)P♣###P..##.##......
...†.).(P)♣.# #....##.#####
.†....♣P.♣)♣♣#####......#
.....PP♣#PP.♣PP#.....##.#
.....♣. ##PP†))#.#.### ..
.... .♣ ##♣)P@♣)..# ### ...
.♣ ##).l..## . .. ###♣).# .
#..# ...# ∆ ....# ......∆ ∆
........ .....(.##


You could see an iguana.

Vanquished Creatures
  The ghost of Hasart the Slicer, a novice KoAs (Sewer)
  Sigmund (D:2)
  2 phantoms (D:4)
  2 ogres (D:4)
  Blork the orc (D:5)
  2 big kobolds
  A howler monkey (D:5)
  An orc wizard (D:5)
  An orc priest (D:5)
  A gnoll shaman (D:3)
  Terence (D:3)
  3 worker ants (D:4)
  A hound skeleton (D:4)
  3 gnolls (D:3)
  9 adders
  A shadow imp (D:5)
  2 oozes
  4 worms
  2 leopard geckos
  14 orcs
  5 bats
  4 giant cockroaches
  6 goblins
  4 hobgoblins
  9 jackals
  27 kobolds
  2 quokkas
  3 ball pythons
  3 frilled lizards
  10 rats
126 creatures vanquished.

Notes
Turn   | Place    | Note
-------+----------+-------------------------------------------
     0 | D:1      | Amnesiac the Gnoll Earth Elementalist began the quest for the Orb.
     0 | D:1      | Reached XP level 1. HP: 13/13 MP: 6/6
    57 | D:1      | Reached XP level 2. HP: 19/19 MP: 2/7
   129 | D:2      | Learned a level 2 spell: Passwall
   209 | D:2      | Reached XP level 3. HP: 16/25 MP: 6/9
   254 | D:2      | Reached skill level 5 in Spellcasting
   299 | D:2      | Reached skill level 1 in Fighting
   299 | D:2      | Reached skill level 1 in Short Blades
   299 | D:2      | Reached skill level 1 in Long Blades
   299 | D:2      | Reached skill level 1 in Axes
   299 | D:2      | Reached skill level 1 in Maces & Flails
   299 | D:2      | Reached skill level 1 in Polearms
   299 | D:2      | Reached skill level 1 in Staves
   299 | D:2      | Reached skill level 1 in Slings
   299 | D:2      | Reached skill level 1 in Bows
   299 | D:2      | Reached skill level 1 in Crossbows
   299 | D:2      | Reached skill level 1 in Throwing
   299 | D:2      | Reached skill level 1 in Armour
   299 | D:2      | Reached skill level 1 in Shields
   299 | D:2      | Reached skill level 1 in Unarmed Combat
   299 | D:2      | Reached skill level 1 in Conjurations
   299 | D:2      | Reached skill level 1 in Hexes
   299 | D:2      | Reached skill level 1 in Charms
   299 | D:2      | Reached skill level 1 in Summonings
   299 | D:2      | Reached skill level 1 in Necromancy
   299 | D:2      | Reached skill level 1 in Translocations
   299 | D:2      | Reached skill level 1 in Fire Magic
   299 | D:2      | Reached skill level 1 in Ice Magic
   299 | D:2      | Reached skill level 1 in Air Magic
   299 | D:2      | Reached skill level 1 in Poison Magic
   299 | D:2      | Reached skill level 1 in Invocations
   299 | D:2      | Reached skill level 1 in Evocations
   308 | D:2      | Reached XP level 4. HP: 31/32 MP: 2/11
   760 | D:3      | Learned a level 4 spell: Petrify
   813 | D:3      | Reached XP level 5. HP: 26/37 MP: 10/12
   825 | D:3      | Learned a level 5 spell: Lee's Rapid Deconstruction
   979 | D:3      | Found a glowing drain.
   989 | Sewer    | Entered a sewer
  1074 | Sewer    | Noticed Hasart's ghost (novice KoAs)
  1082 | Sewer    | Killed Hasart's ghost
  1082 | Sewer    | Reached skill level 5 in Dodging
  1082 | Sewer    | Reached XP level 6. HP: 27/44 MP: 5/14
  1082 | Sewer    | Reached XP level 7. HP: 31/50 MP: 5/15
  1312 | Sewer    | Reached skill level 7 in Earth Magic
  1346 | Sewer    | Found a white marble altar of Elyvilon.
  1527 | D:4      | Found a staircase to the Ecumenical Temple.
  1554 | Temple   | Entered the Ecumenical Temple
  1677 | D:4      | Reached skill level 5 in Stealth
  1687 | D:4      | Found a hazy altar of Hepliaklqana.
  1765 | D:4      | Reached XP level 8. HP: 51/57 MP: 10/16
  1789 | D:4      | Found a snail-covered altar of Cheibriados.
  1858 | D:4      | Found an iron altar of Okawaru.
  2374 | D:2      | Noticed Sigmund
  2381 | D:2      | Killed Sigmund
  2791 | D:3      | Noticed Terence
  2797 | D:3      | Killed Terence
  2873 | D:5      | Entered Level 5 of the Dungeon
  2915 | D:5      | Noticed Blork the orc
  2920 | D:5      | Killed Blork the orc
  3102 | D:5      | Slain by an iguana

Vault maps used:
D:1:      eino_arrival_water_star, serial_forest,
          infiniplex_forest_lined_corner, infiniplex_forest_lined_room_,
          infiniplex_forest_lined_2, infiniplex_forest_lined_room_2,
          infiniplex_forest_clump_double, infiniplex_forest_clump_small,
          infiniplex_forest_straight_3, minmay_nonomino_d4
D:2:      cheibrodos_old_hovel, first_bread, minmay_misc_feat_roman,
          hangedman_decor_growths, hangedman_decor_points, uniq_sigmund
D:3:      cheibrodos_sewer_entry_bend, uniq_terence
D:4:      overflow_temple_1_default, kennysheep_mini_moat,
          minmay_temple_entry_statues, okawaru_trees_2
D:5:      kennysheep_kobold_camp, tgw_trog, nicolae_overflow_hidden_temple,
          serial_shops, nicolae_shop_trees, uniq_pikel, uniq_blork_the_orc,
          uniq_eustachio
Temple:   nicolae_temple_hex_pool
Sewer:    sewer_kobolds

Skill      XL: |  1  2  3  4  5  6  7  8 |
---------------+-------------------------+-----
Spellcasting   | 5 6 |  6.2
Fighting       | 1 2 3 |  3.5
Short Blades   | 1 2 3 |  3.5
Long Blades    | 1 2 3 |  3.5
Axes           | 1 2 3 |  3.5
Maces & Flails | 1 2 3 |  3.5
Polearms       | 1 2 3 |  3.5
Staves         | 1 2 3 |  3.5
Slings         | 1 2 3 |  3.5
Bows           | 1 2 3 |  3.5
Crossbows      | 1 2 3 |  3.5
Throwing       | 1 2 3 |  3.5
Armour         | 1 2 3 |  3.5
Shields        | 1 2 3 |  3.5
Unarmed Combat | 1 2 3 |  3.5
Conjurations   | 1 2 3 |  3.5
Hexes          | 1 2 3 |  3.5
Charms         | 1 2 3 |  3.5
Summonings     | 1 2 3 |  3.5
Necromancy     | 1 2 3 |  3.5
Translocations | 1 2 3 |  3.5
Fire Magic     | 1 2 3 |  3.5
Ice Magic      | 1 2 3 |  3.5
Air Magic      | 1 2 3 |  3.5
Poison Magic   | 1 2 3 |  3.5
Invocations    | 1 2 3 |  3.5
Evocations     | 1 2 3 |  3.5
Transmutations | 3 4 |  4.4
Dodging        | 5 |  5.8
Earth Magic    | 7 |  7.5
Stealth        | 5 |  5.5

Action                   |  1- 3 |  4- 6 |  7- 9 || total
-------------------------+-------+-------+-------++-------
Melee: Dagger            |    20 |    35 |    79 ||   134
       Bite              |       |     3 |    11 ||    14
       Punch             |       |       |     1 ||     1
 Cast: Sandblast         |    26 |    24 |    82 ||   132
       Passwall          |     1 |    26 |     6 ||    33
       Lee's Rapid Decon |       |       |     4 ||     4
       Petrify           |       |       |     1 ||     1
 Stab: Sleeping          |     1 |     9 |     9 ||    19
       Distracted        |       |     1 |       ||     1
  Eat: Chunk             |       |     1 |     7 ||     8
Armor: Robe              |     1 |     4 |    21 ||    26
Dodge: Dodged            |    23 |    25 |    99 ||   147

Table legend:
 A = Spawn XP
 B = Non-spawn XP
 C = Spawn XP percentage of total XP
 D = Spawn monster count
 E = Non-spawn monster count
 F = Spawn count percentage of total count
 G = Total turns spent on level
                    A         B        C        D         E        F      G
               +---------+---------+-------+---------+---------+-------+---------
         Total |       0 |    2157 |   0.0 |       0 |     126 |   0.0 |  3102
               +---------+---------+-------+---------+---------+-------+---------
           D:1 |       0 |      12 |   0.0 |       0 |       7 |   0.0 |    85
           D:2 |       0 |     313 |   0.0 |       0 |      24 |   0.0 |   693
           D:3 |       0 |     222 |   0.0 |       0 |      33 |   0.0 |   921
           D:4 |       0 |     671 |   0.0 |       0 |      23 |   0.0 |   677
           D:5 |       0 |     380 |   0.0 |       0 |      29 |   0.0 |   229
         Sewer |       0 |     559 |   0.0 |       0 |      10 |   0.0 |   401
               +---------+---------+-------+---------+---------+-------+---------
